Map: Kairos Junction LE

Players

Mesrob - Winner!

  • Race: Terran Terran
  • League: Gold
  • Spawn Location: 11:00

Denzie

  • Race: Zerg Zerg
  • League: Gold
  • Spawn Location: 5:00

VOD

Have the link to the VOD?

Description

Time

  • Played on: Jan. 12, 2019, 2:07 p.m.
  • Length: 26:21
Show
View Real Time Build Order
Export as new Build Order

Mesrob Terran - Winner!

Build Orders: Mech 

Get SALT Encoding   

  12  0:00  SCV  
  13  0:13  SCV  
  14  0:17  Supply Depot  
  14  0:25  SCV  
  15  0:38  SCV  
  15  0:40  Barracks  
  16  0:50  Refinery, SCV  
  17  1:03  SCV  
  18  1:15  SCV  
  19  1:29  Orbital Command  
  19  1:37  Command Center  
  19  1:40  Marine  
  20  1:53  Bunker  
  20  1:55  SCV  
  21  2:07  SCV  
  22  2:19  SCV  
  22  2:21  Factory  
  23  2:22  Barracks Tech Lab  
  23  2:23  Supply Depot  
  23  2:45  SCV  
  23  2:47  Supply Depot  
  23  2:50  Refinery, SCV  
  25  2:57  SCV  
  26  3:04  Orbital Command  
  26  3:09  SCV  
  27  3:21  SCV  
  27  3:24  Siege Tank  
  31  3:29  Engineering Bay  
  31  3:41  SCV  
  31  3:42  SCV  
  31  3:46  Marine  
  34  3:53  SCV  
  34  3:54  SCV  
  36  3:56  Supply Depot, Siege Tank  
  36  3:58  Missile Turret  
  39  4:06  SCV  
  40  4:20  Supply Depot  
  40  4:21  Missile Turret  
  40  4:26  SCV  
  40  4:27  SCV  
  40  4:28  Siege Tank  
  45  4:38  SCV  
  45  4:39  SCV  
  45  4:42  Missile Turret, Armory  
  45  4:45  Marine  
  48  4:51  SCV x2  
  50  5:00  Siege Tank  
  50  5:02  Missile Turret  
  50  5:06  Missile Turret  
  53  5:28  Command Center  
  53  5:32  Factory, Siege Tank  
  53  5:33  Missile Turret  
  56  5:36  Terran Vehicle Weapons Level 1  
  56  5:41  Refinery  
  56  5:42  Refinery, SCV  
  57  5:43  SCV  
  58  5:54  Missile Turret, SCV  
  58  5:55  SCV  
  60  6:05  Hellbat  
  60  6:06  SCV  
  60  6:07  SCV  
  64  6:17  Missile Turret  
  64  6:18  SCV  
  64  6:19  SCV  
  66  6:26  Factory, Factory Reactor  
  66  6:30  Supply Depot, SCV  
  66  6:31  SCV  
  68  6:40  Missile Turret  
  68  6:46  SCV  
  68  6:47  SCV  
  70  6:53  Supply Depot  
  70  6:58  SCV  
  71  7:04  Refinery  
  71  7:16  Supply Depot  
  71  7:21  Factory Tech Lab  
  71  7:23  Sensor Tower  
  71  7:25  Factory  
  71  7:27  Thor  
  71  7:29  Hellbat x2  
  81  7:41  Supply Depot  
  81  7:46  Thor  
  81  7:50  Hellion, Hellbat  
  91  7:55  Refinery, Planetary Fortress  
  91  7:57  SCV  
  91  7:58  Sensor Tower  
  92  8:01  SCV  
  93  8:07  Supply Depot  
  93  8:09  SCV  
  93  8:10  Factory Tech Lab  
  94  8:13  SCV  
  95  8:21  SCV  
  95  8:25  SCV  
  97  8:32  Supply Depot  
  97  8:35  Hellion  
  97  8:43  Missile Turret  
  97  8:50  Thor  
  97  8:51  Thor x2  
  97  8:52  Hellbat  
  97  8:53  Hellbat  
  119  9:03  Supply Depot, Missile Turret  
  119  9:14  Hellbat x2  
  123  9:23  Command Center  
  123  9:25  Missile Turret  
  121  9:46  Supply Depot  
  121  9:47  Thor x3  
  121  9:48  Hellbat  
  141  9:57  Hellbat  
  141  9:59  Supply Depot  
  143  10:06  SCV x2  
  145  10:09  Supply Depot  
  145  10:10  Hellbat  
  118  10:18  Hellbat  
  120  10:21  Supply Depot  
  100  10:36  Thor x2  
  100  10:37  Thor  
  100  10:38  Hellbat  
  100  10:40  Hellbat  
  122  10:52  SCV  
  122  10:53  SCV x2  
  122  10:54  Orbital Command  
  125  10:59  Hellbat  
  125  11:01  Hellbat  
  125  11:03  Command Center  
  129  11:19  Thor x3  
  129  11:21  Hellbat, Supply Depot  
  129  11:22  Hellbat  
  152  11:32  SCV  
  152  11:33  SCV  
  153  11:42  Hellbat  
  153  11:43  Supply Depot  
  153  11:44  Hellbat, Sensor Tower  
  157  11:57  SCV x2  
  157  11:58  SCV  
  160  12:02  Thor x3  
  160  12:06  Hellbat  
  160  12:07  Hellbat  
  182  12:10  Terran Vehicle And Ship Armor Level 1  
  182  12:16  Armory  
  182  12:28  Hellbat x2  
  186  12:41  Factory  
  186  12:43  Factory  
  186  12:45  Thor x2  
  168  13:22  Sensor Tower  
  124  13:28  Thor  
  118  13:34  Factory Tech Lab, Factory Reactor  
  118  13:35  Thor x2  
  118  13:36  Hellbat x2  
  128  13:57  Hellbat  
  128  13:58  Hellbat  
  105  14:04  Terran Vehicle Weapons Level 2  
  105  14:08  Thor  
  111  14:10  Thor  
  111  14:14  Hellbat x2  
  109  14:18  Hellbat, Thor  
  109  14:19  Hellbat x2  
  110  14:32  Terran Vehicle And Ship Armor Level 2  
  110  14:35  Hellbat  
  110  14:37  Hellbat  
  114  14:39  Thor  
  114  14:40  Hellbat x2  
  124  14:49  Refinery  
  124  14:50  Thor  
  124  14:52  Refinery  
  130  14:53  Thor  
  130  14:56  Hellbat  
  130  14:58  Hellbat  
  140  15:00  Thor  
  140  15:02  Hellbat x2  
  150  15:22  Starport  
  150  15:34  Thor x2  
  162  15:36  Hellbat x4  
  162  15:40  Thor  
  162  15:41  Starport  
  176  15:49  Planetary Fortress  
  176  15:59  Starport  
  176  16:07  Refinery  
  176  16:09  Thor  
  176  16:10  Hellbat  
  176  16:11  Hellbat  
  186  16:12  Hellbat  
  186  16:14  Hellbat  
  186  16:16  Command Center  
  190  16:19  Starport  
  190  16:20  Terran Ship Weapons Level 1  
  190  16:24  Orbital Command  
  189  16:31  Refinery  
  144  17:04  Hellbat  
  144  17:05  Hellbat x4  
  144  17:07  Thor x2  
  162  17:09  Hellbat  
  146  17:26  Hellbat  
  116  17:40  Thor x2  
  118  17:45  SCV  
  89  18:07  Starport Tech Lab  
  89  18:08  Starport Tech Lab  
  79  18:16  Starport Tech Lab  
  75  18:20  Fusion Core  
  75  18:23  Terran Vehicle Weapons Level 3  
  75  18:32  SCV x4  
  79  18:43  Starport Tech Lab  
  79  18:44  SCV x3  
  79  18:45  SCV x2  
  84  18:56  SCV  
  84  18:59  SCV  
  86  19:11  SCV  
  86  19:14  Battlecruiser x2  
  86  19:16  Battlecruiser  
  105  19:23  SCV  
  106  19:28  Battlecruiser  
  112  19:35  Planetary Fortress  
  112  19:40  Missile Turret  
  107  20:02  Missile Turret  
  106  20:18  Battlecruiser x2  
  109  21:01  Orbital Command  
  108  21:04  Orbital Command  
  108  21:11  Refinery  
  108  21:12  Refinery  
  108  21:15  Battlecruiser x2  
  120  21:23  Battlecruiser  
  120  21:24  Battlecruiser  
  109  22:19  Battlecruiser  
  103  22:49  Battlecruiser  
Show
View Real Time Build Order
Export as new Build Order

Denzie Zerg 

Build Orders: Hatch First, Lurkers 

Get SALT Encoding   

  12  0:01  Drone  
  13  0:12  Overlord  
  13  0:17  Drone  
  14  0:44  Hatchery  
  14  0:47  Drone  
  14  0:50  Drone  
  14  0:54  Drone  
  16  0:59  Drone  
  17  1:07  Extractor  
  17  1:09  Drone  
  17  1:23  Spawning Pool, Drone  
  17  1:31  Drone  
  18  1:41  Overlord  
  18  1:52  Drone  
  19  1:56  Drone  
  20  2:10  Zergling x4  
  20  2:12  Queen  
  20  2:13  Queen  
  26  2:20  Drone x2  
  28  2:26  Drone  
  28  2:28  Metabolic Boost  
  29  2:33  Drone  
  30  2:44  Overlord  
  30  2:56  Hatchery  
  29  3:04  Baneling Nest  
  29  3:05  Drone x2  
  30  3:06  Drone  
  31  3:16  Drone x4  
  35  3:24  Overlord  
  35  3:27  Drone  
  35  3:28  Drone x2  
  38  3:34  Overlord  
  38  3:37  Overlord  
  38  3:39  Drone  
  39  3:50  Drone  
  39  3:51  Drone x3  
  39  3:54  Extractor, Drone x3  
  45  3:59  Queen  
  47  4:13  Drone  
  47  4:14  Extractor, Drone x4  
  51  4:22  Queen  
  53  4:26  Drone  
  53  4:27  Drone x4  
  58  4:35  Drone x4  
  62  4:50  Drone x5  
  62  4:51  Overlord  
  67  4:53  Lair  
  67  4:54  Overlord x2  
  67  5:06  Queen  
  69  5:11  Extractor, Drone x5  
  69  5:13  Extractor  
  72  5:19  Overlord x2  
  72  5:23  Zergling x2  
  72  5:24  Zergling x6  
  76  5:49  Drone  
  77  6:13  Extractor, Drone x3, Hydralisk Den  
  77  6:14  Overlord  
  77  6:15  Overlord x4  
  78  6:25  Queen  
  80  6:30  Evolution Chamber  
  80  6:31  Hatchery, Evolution Chamber  
  77  6:34  Zergling x24  
  77  6:35  Zergling x4  
  77  6:36  Baneling x2  
  77  6:37  Baneling x8  
  91  6:42  Pneumatized Carapace  
  91  6:44  Overseer  
  91  6:45  Overseer  
  91  6:48  Muscular Augments  
  91  6:49  Hydralisk x8  
  107  7:08  Zerg Melee Weapons Level 1  
  107  7:09  Zerg Ground Armor Level 1  
  107  7:10  Hydralisk x7  
  121  7:17  Lurker Den  
  120  7:23  Overseer  
  120  7:27  Zergling x2  
  120  7:28  Zergling x12  
  126  7:46  Zergling x2  
  126  7:47  Zergling x22  
  138  7:59  Queen  
  138  8:02  Grooved Spines, Centrifical Hooks  
  138  8:04  Zergling x14  
  138  8:05  Zergling x2  
  148  8:07  Overlord  
  148  8:30  Overseer  
  148  8:40  Zergling x20  
  148  8:41  Zergling x2  
  159  8:53  Overlord x5  
  159  9:05  Spire  
  159  9:07  Zerg Ground Armor Level 2  
  159  9:08  Zerg Melee Weapons Level 2, Infestation Pit  
  155  9:14  Baneling  
  155  9:15  Baneling x5  
  155  9:16  Hydralisk x2  
  155  9:17  Hydralisk x9  
  176  9:49  Hive  
  176  9:57  Drone x3  
  170  10:12  Zergling x30  
  170  10:13  Zergling x8  
  147  10:17  Baneling  
  147  10:18  Baneling x5  
  143  10:31  Zergling x22  
  145  10:45  Queen  
  147  11:01  Zergling x32  
  163  11:18  Hydralisk x9  
  163  11:22  Hatchery  
  180  11:28  Baneling  
  180  11:29  Baneling x11  
  180  11:30  Hydralisk x2  
  184  11:37  Overlord x3  
  184  11:38  Overlord x2  
  184  12:23  Lurker x2  
  184  12:24  Lurker x2  
  184  12:25  Lurker x2  
  184  12:26  Lurker  
  184  12:27  Lurker x2  
  184  12:29  Zergling x2  
  196  12:30  Zergling x12  
  200  12:37  Zerg Missile Weapons Level 1  
  200  12:40  Zerg Melee Weapons Level 3  
  200  12:43  Greater Spire  
  200  12:53  Extractor  
  200  12:54  Extractor  
  200  12:55  Queen  
  162  13:19  Zergling x40  
  175  13:20  Zergling x24  
  137  13:34  Zergling x22  
  137  13:35  Zergling x4  
  129  13:45  Baneling x9  
  129  13:46  Baneling  
  123  13:49  Hydralisk x6  
  106  14:31  Lurker  
  106  14:32  Baneling  
  106  14:33  Lurker, Baneling  
  107  14:38  Zerg Missile Weapons Level 2  
  107  14:40  Corruptor  
  107  14:41  Corruptor x9  
  127  15:06  Extractor x2  
  125  15:27  Brood Lord x5  
  135  15:28  Brood Lord  
  135  15:31  Zergling x18  
  135  15:32  Zergling x40  
  166  15:35  Baneling x2  
  166  15:36  Baneling x3  
  166  16:02  Drone x3  
  169  16:05  Corruptor x5  
  141  16:47  Brood Lord x2  
  141  16:48  Brood Lord x2  
  141  16:52  Zergling x28  
  139  17:13  Brood Lord  
  139  17:15  Zergling x20  
  147  17:16  Zergling x2  
  144  17:30  Zergling x14  
  144  17:31  Zergling x2  
  140  17:39  Brood Lord  
  137  17:54  Brood Lord x2  
  137  17:55  Brood Lord  
  125  18:52  Hatchery  
  125  18:54  Zerg Ground Armor Level 3  
  125  18:55  Zerg Missile Weapons Level 3  
  124  19:17  Corruptor x11  
  124  19:21  Zergling x6  
  149  19:34  Roach Warren  
  148  19:51  Brood Lord x2  
  152  20:07  Brood Lord  
  152  20:08  Brood Lord x2  
  152  20:09  Brood Lord  
  152  20:10  Brood Lord  
  152  20:11  Brood Lord  
  152  20:12  Brood Lord  
  152  20:13  Brood Lord  
  170  20:14  Brood Lord  
  170  20:17  Roach  
  172  20:43  Roach x12  
  183  20:58  Roach x6  
  194  21:13  Queen x2  
  194  21:14  Queen  
  192  21:51  Corruptor x4  
  170  22:01  Corruptor x4  
  170  22:02  Corruptor  
  172  22:13  Spore Crawler  
  172  22:14  Spore Crawler  
  158  22:32  Corruptor x3  
  147  22:45  Corruptor  
  136  23:03  Corruptor  
  120  23:25  Corruptor  
  114  23:39  Corruptor  
  114  23:50  Spore Crawler  
  114  23:51  Spore Crawler x3  
  103  24:21  Corruptor x2  
  98  24:44  Spore Crawler x2  
  80  24:46  Spore Crawler  
  80  24:47  Spore Crawler x2  
  80  24:50  Spore Crawler  
  65  24:55  Corruptor x2  
  38  25:27  Zergling x2  
  38  25:28  Zergling x38  
  39  25:52  Zergling x8  
Tags
 
Composition
LurkersMech
League
GoldGold
Matchup
TvZ
Replay Pack
sc2 replays
Spawn Locations
Cross Positions
Add a new tag
Caveats
  • Supply blocks, unpowered buildings, or Contaminate may cause inaccurate times.
  • Supply counts are checked every 10 seconds.